 Dungeon Crawl Stone Soup version 0.28.0-43-g3370ac3207 (webtiles) character file.

Game seed: 11816091994138661053

52 pkoi the Conjurer (level 3, -2/20 (21) HPs)
             Began as an Octopode Conjurer on Mar 17, 2022.
             Slain by a necrophage (7 damage)
             ... on level 2 of the Dungeon.
             The game lasted 00:01:27 (1409 turns).

pkoi the Conjurer (Octopode Conjurer)               Turns: 1409, Time: 00:01:28

HP:   -2/20 (21)    AC:  1    Str:  6    XL:     3   Next: 85%
MP:   1/6           EV: 13    Int: 22    God:
Gold: 29            SH:  0    Dex: 10    Spells: 5/6 levels left

rFire   . . .      SeeInvis .   a - +0 spear (vorpal)
rCold   . . .      Faith    .   (no shield)
rNeg    . . .      Spirit   .   (helmet restricted)
rPois   .          Reflect  .   (no amulet)
rElec   .          Harm     .   (no ring)
rCorr   .          Rampage  .   (no ring)
Will    .....                   (no ring)
Stlth   +++.......              (no ring)
HPRegen 0.06/turn               (no ring)
MPRegen 0.10/turn               (no ring)
                                (no ring)
                                (no ring)

@: lightly drained
A: almost no armour, amphibious, 8 rings, camouflage 1, gelatinous body 1,
(nimble swimmer 1), tentacles
a: no special abilities


You were on level 2 of the Dungeon.
You visited 1 branch of the dungeon, and saw 2 of its levels.

You collected 29 gold pieces.

Inventory:

Hand Weapons
 a - a +0 vorpal spear (weapon)
Missiles
 b - 2 boomerangs of dispersal
Potions
 c - 2 potions of heal wounds {unknown}


   Skills:
 - Level 2.0 Dodging
 - Level 2.6 Stealth
 - Level 2.0 Spellcasting
 + Level 5.4 Conjurations


You had 5 spell levels left.
You knew the following spells:

 Your Spells              Type           Power      Damage    Failure   Level
a - Magic Dart            Conj           100%       1d8       1%          1

Your spell library contained the following spells:

 Spells                   Type           Power      Damage    Failure   Level
 Searing Ray              Conj           50%        2d6       2%          2
 Dazzling Flash           Conj/Hex       28%        N/A       14%         3
 Ensorcelled Hibernation  Hex/Ice        4%         N/A       21%         2
 Spider Form              Tmut/Pois      2%         N/A       38%         3
 Fulminant Prism          Conj/Hex       7%         3d7       41%         4
 Iskenderun's Mystic Bla  Conj/Tloc      14%        2d5       41%         4
 Anguish                  Hex/Necr       1%         N/A       80%         4


Dungeon Overview and Level Annotations

Branches:
Dungeon (2/15)

Altars:


Innate Abilities, Weirdness & Mutations

You cannot wear most types of armour.
You are amphibious.
You can wear up to eight rings at the same time.
Your skin changes colour to match your surroundings (Stealth+).
Your rubbery body absorbs attacks. (AC +1, EV +1)
((You are camouflaged when in or above water. (Stealth+)))
You have tentacles for arms and can constrict up to eight enemies at once.


Message History

The necrophage is moderately damaged.
You constrict the necrophage, but do no damage.
The necrophage hits you.
* * * LOW HITPOINT WARNING * * *
You feel drained.
You hit the necrophage.
The necrophage is moderately damaged.
You constrict the necrophage. The necrophage hits you!
* * * LOW HITPOINT WARNING * * *
Unknown command.
You hit the necrophage.
The necrophage is heavily damaged.
You constrict the necrophage, but do no damage.
The necrophage misses you. The necrophage barely misses you.
Unknown command.
Casting: Magic Dart (safe; 1% risk of failure)
Confirm with . or Enter, or press ? or * to list all spells.
You don't know that spell.
Unknown command.
Unknown command.
You hit the necrophage.
The necrophage is severely damaged.
You constrict the necrophage. The necrophage barely misses you.
Unknown command.
Casting: Magic Dart (safe; 1% risk of failure)
Confirm with . or Enter, or press ? or * to list all spells.
You don't know that spell.
Aiming: Magic Dart (safe; 1% risk of failure)
Press: ? - help, Q - select action, (/) - cycle Shift-Dir - straight line, f/p - necrophage
Aim: a necrophage (severely damaged, constricted by you, 100% to hit)
The magic dart hits the necrophage.
The necrophage is severely damaged.
You constrict the necrophage. The necrophage closely misses you.
Aiming: Magic Dart (safe; 1% risk of failure)
Press: ? - help, Q - select action, (/) - cycle Shift-Dir - straight line, f/p - necrophage
Aim: a necrophage (almost destroyed, constricted by you, 100% to hit)
The magic dart hits the necrophage.
The necrophage is almost destroyed.
You constrict the necrophage. The necrophage hits you!
You die...

#.##.####.# ####...
#.........# ##.# #.###.#####
#.# #.#####.# #.# #.#
#.......# #.# #.# #####.###
#.# #.# #.# #.# #<#
..#######.#####.############.#
.......†...gn@.#.............#
.......>..#####.##############
^..######## #.# # #.# #.# #.#
### #.# #.. #.######## #.#
#........# #.#


You could see a necrophage and a hobgoblin.

Vanquished Creatures
  2 adders (D:2)
  2 gnolls (D:1)
  A worm (D:2)
  A giant cockroach (D:1)
  A hobgoblin (D:2)
  A quokka (D:1)
  A ball python (D:1)
  2 bats
  2 frilled lizards
  A rat (D:1)
14 creatures vanquished.

Notes
Turn   | Place    | Note
-------+----------+-------------------------------------------
     0 | D:1      | pkoi the Octopode Conjurer began the quest for the Orb.
     0 | D:1      | Reached XP level 1. HP: 11/11 MP: 3/3
   197 | D:1      | Reached XP level 2. HP: 6/17 MP: 0/5
   584 | D:1      | Reached XP level 3. HP: 21/21 MP: 1/6
   752 | D:1      | You fall into a shaft and drop 1 floor!
   825 | D:2      | Reached skill level 5 in Conjurations
  1335 | D:2      | Found a faded altar of an unknown god.
  1392 | D:2      | Noticed a necrophage
  1409 | D:2      | Slain by a necrophage

Illustrated notes

Levels and vault maps discovered:
D:1:      saegor_arrival_simple_b, layout_basic, st_stairs_7
D:2:      layout_loops_ring, chequers_ecumenical_altar_simple_redux,
          grunt_ministairs_12

Skill      XL: |  1  2  3 |
---------------+----------+-----
Conjurations   | 5 |  5.4
Dodging        | |  2.0
Stealth        | |  2.6
Spellcasting   | |  2.0

Action                   || total
-------------------------++-------
Melee: Spear             ||     9
       Constrict         ||     2
       Tentacles         ||     1
 Cast: Magic Dart        ||    38
Dodge: Dodged            ||     8
